 Dungeon Sprint DCSS version 0.32-a0-433-g08bcfe7efd (webtiles) character file.

Game seed: 10475627802248627151

13826 fingers the Peltast (level 12, -1/67 HPs)
             Began as a Vine Stalker Gladiator on Feb 22, 2024.
             Was a Believer of Uskayaw.
             Slain by a purple draconian
             ... wielding a +0 glaive
              (5 damage)
             ... in the Dungeon (Sprint V: "Ziggurat Sprint").
             The game lasted 00:03:38 (409 turns).

fingers the Peltast (Vine Stalker Gladiator)         Turns: 409, Time: 00:03:39

Health: -1/67      AC: 34    Str: 17    XL:     12   Next: 10%
Magic:  0/13       EV:  2    Int:  6    God:    Uskayaw [**....]
Gold:   0          SH: 40    Dex: 33    Spells: 11/11 levels left

rFire   . . .        D - +11 Screaming Sword {sonic wave}
rCold   x . .        F - +18 shield of the Gong {Loud rN+ Will+ rCorr EV-5}
rNeg    + . .        E - +15 Maxwell's patent armour {-Cast -Tele rElec Will+ rCorr}
rPois   .            Q - +1 hat {Will+}
rElec   +            (no cloak)
rCorr   +            (no gloves)
SInv    .            R - +2 pair of boots {Fly}
Will    ++++.        n - amulet of reflection
Stlth   x              - +6 ring of dexterity
HPRegen 1.11/turn    y - +6 ring of dexterity
MPRegen 0.13/turn

%: no teleportation, no spellcasting, reflection, guardian spirit
@: flying
A: fangs 3, regeneration 1, magic shield, antimagic bite, no potion heal 2,
dopey 1, screaming 1, cold vulnerability 1
a: Renounce Religion, Stomp, Line Pass


You were in the Dungeon.
You worshipped Uskayaw.
Uskayaw was noncommittal.
You visited 1 branch

Inventory:

Hand Weapons
 a - a +0 long sword
 D - the +11 Screaming Sword (weapon) {sonic wave}
   (You found it in the Dungeon)
 I - the +8 Vampire's Tooth {megavamp}
   (You found it in the Dungeon)
Missiles
 d - 2 throwing nets (quivered)
 e - a javelin
Armour
 b - a +0 leather armour
 c - a +0 helmet
 E - the +15 Maxwell's patent armour (worn) {-Cast -Tele rElec Will+ rCorr}
   (You found it in the Dungeon)

   rElec:     It insulates you from electricity.
   Will+:     It increases your willpower.
   -Cast:     It prevents spellcasting.
   -Tele:     It prevents most forms of teleportation.
   rCorr:     It protects you from acid and corrosion.
 F - the +18 shield of the Gong (worn) {Loud rN+ Will+ rCorr EV-5}
   (You found it in the Dungeon)

   Loud:      It is deafeningly noisy when blocking attacks.
   EV-5:      It affects your evasion (-5).
   rN+:       It protects you from negative energy.
   Will+:     It increases your willpower.
   rCorr:     It protects you from acid and corrosion.
 J - a +1 pair of boots of stealth
 Q - a +1 hat of willpower (worn)
 R - a +2 pair of boots of flying (worn)
Jewellery
 n - an amulet of reflection (around neck)
 w - a ring of flight
 x - a +6 ring of dexterity (left hand)
 y - a +6 ring of dexterity (right hand)
 z - a +6 ring of intelligence
 A - a +6 ring of intelligence
 B - a +6 ring of strength
 C - a +6 ring of strength
 G - a +4 ring of protection
 L - the amulet "Fuenk" {rC+ Will+ Regen+ Dex+2}
   (You found it in the Dungeon)

   [amulet of regeneration]

   Dex+2:     It affects your dexterity (+2).
   rC+:       It protects you from cold.
   Will+:     It increases your willpower.
   Regen+:    It increases your rate of health regeneration.
 M - the ring of Vitraomp {rPois rCorr Str+3 Int-5}
   (You found it in the Dungeon)

   [ring of resist corrosion]

   Str+3:     It affects your strength (+3).
   Int-5:     It affects your intelligence (-5).
   rPois:     It protects you from poison rCorr: It protects you from acid and
   corrosion.
 N - the ring "Jeommali" {rElec Slay+4}
   (You found it in the Dungeon)

   [ring of slaying]

   Slay+4:    It affects your accuracy & damage with ranged weapons and melee
   (+4).
   rElec:     It insulates you from electricity.
 P - a +6 ring of intelligence
Wands
 t - a wand of mindburst (11)
 u - a wand of iceblast (14)
 v - a wand of quicksilver (15)
 K - a wand of polymorph (8)
 O - a wand of charming (10)
Scrolls
 j - 4 scrolls of blinking
 p - 4 scrolls of amnesia
 q - 8 scrolls of fog
 r - 5 scrolls of identify
 s - a scroll of fear
 H - 2 scrolls of brand weapon
Potions
 f - 8 potions of curing
 g - 6 potions of haste
 h - 7 potions of magic
 i - 3 potions of berserk rage
 k - 2 potions of brilliance
 l - 2 potions of invisibility
 m - 3 potions of resistance
 o - 4 potions of might


   Skills:
 + Level 10.1 Fighting
 + Level 15.7 Long Blades
 - Level 1.7 Throwing
 * Level 11.9 Armour
 - Level 2.4 Dodging
 + Level 7.2 Stealth
 * Level 15.8 Shields


You had 11 spell levels left.
You didn't know any spells.
Your spell library contained the following spells:

 Spells                   Type           Power      Damage    Failure   Level
 Apportation              Tloc           0%         N/A       100%        1
 Necrotise                Necr           0%         1d4       100%        1
 Sting                    Conj/Alch      0%         1d3       100%        1
 Summon Small Mammal      Summ           0%         N/A       100%        1
 Cigotuvi's Dreadful Rot  Necr/Alch/Air  0%         N/A       100%        2
 Lesser Beckoning         Tloc           0%         N/A       100%        2
 Scorch                   Fire           0%         2d5       100%        2
 Sublimation of Blood     Necr           0%         N/A       100%        2
 Fugue of the Fallen      Necr           0%         N/A       100%        3
 Ozocubu's Armour         Ice            0%         N/A       100%        3
 Stone Arrow              Conj/Erth      0%         3d7       100%        3
 Swiftness                Air            0%         N/A       100%        3
 Anguish                  Hex/Necr       0%         N/A       100%        4
 Borgnjor's Vile Clutch   Necr/Erth      0%         N/A       100%        5
 Curse of Agony           Necr           0%         N/A       100%        5
 Yara's Violent Unravell  Hex/Alch       0%         3d3       100%        5
 Conjure Ball Lightning   Conj/Air       0%         3x3d6     100%        6
 Death Channel            Necr           0%         N/A       100%        6
 Sculpt Simulacrum        Ice/Alch       0%         N/A       100%        6
 Starburst                Conj/Fire      0%         6d3       100%        6
 Orb of Destruction       Conj           0%         9d5       100%        7
 Summon Hydra             Summ           0%         N/A       100%        7


Dungeon Overview and Level Annotations

Branches:
Dungeon (1/1)

Altars:
Ashenzari
Cheibriados
Dithmenos
Elyvilon
Fedhas
Gozag
Hepliaklqana
Kikubaaqudgha
Makhleb
Nemelex Xobeh
Okawaru
Qazlal
Ru
Sif Muna
Trog
Uskayaw
Vehumet
Wu Jian
Xom
Yredelemnul
Zin
The Shining One
Beogh
Jiyva
Lugonu


Innate Abilities, Weirdness & Mutations

You have razor-sharp teeth.
Your natural rate of healing is unusually fast.
When hurt, damage is shared between your health and your magic reserves.
Your bite disrupts and absorbs the magic of your enemies.
Potions cannot restore your health.
You are dopey. (Int -2)
You occasionally shout uncontrollably at your foes.
You are vulnerable to cold. (rC-)


Message History

The yellow draconian annihilator blinks!
You feel very mighty all of a sudden.
The yellow draconian annihilator hits you but does no damage.
You slice the yellow draconian annihilator!!
The yellow draconian annihilator is heavily wounded.
The black draconian hits you but does no damage.
The yellow draconian annihilator is engulfed in poison gas.
The yellow draconian annihilator is poisoned.
The yellow draconian annihilator gestures wildly while chanting.
The yellow draconian annihilator blinks!
The yellow draconian annihilator points at you and mumbles some strange words.
The iron shot hits you!!
* * * LOW HITPOINT WARNING * * *
The purple draconian is engulfed in poison gas.
The purple draconian is poisoned.
You slice the yellow draconian annihilator!!
The yellow draconian annihilator is severely wounded.
The purple draconian breathes dispelling energy at you.
The bolt of dispelling energy hits you!!
Your magical effects are unravelling.
* * * LOW HITPOINT WARNING * * *
You block the yellow draconian annihilator's attack.
BOUMMMMG!
The purple draconian looks even sicker.
You block the purple draconian's attack.
BOUMMMMG!
The yellow draconian is engulfed in poison gas.
The yellow draconian is poisoned.
You block the black draconian's attack.
GONNNNG!
You can now pass through a line of other dancers.
You slice the yellow draconian annihilator!!
You kill the yellow draconian annihilator!
You feel a little less mighty now.
Your resistance to elements expires.
You block the yellow draconian's attack.
GONNNNG!
The yellow draconian annihilator mumbles some strange words.
The yellow draconian annihilator blinks!
The purple draconian hits you from afar with a +0 glaive.
You die...
Your body falls in perfect tune with the rhythm.

▓...ß©ß...▓
▓..|::|)§.▓......|..▓
▓..[:))/..▓...||[...▓
▓.........▓.........▓
▓.........▓...†.†...▓
▓..q○d....▓....†....▓
▓...dddd..▓.........▓
▓...)d....▓.▓.....▓.▓
▓...q@d...▓....©....▓
▓....©....▓▓▓▓▓▓▓▓▓▓▓
▓▓▓▓▓▓▓▓▓▓▓


You could see a green draconian monk, a black draconian, 2 draconians, a green
draconian, 2 draconians, a white draconian and a yellow draconian annihilator
(poisoned).

Vanquished Creatures
  A draconian annihilator (D)
  A dire elephant (D)
  A yaktaur captain (D)
  3 great orbs of eyes (D)
  3 vault guards (D)
  2 ironbound convokers (D)
  6 draconians (D)
  2 shining eyes (D)
  A wolf spider (D)
  2 ugly things (D)
  3 yaktaurs (D)
  2 tarantellas (D)
  6 merfolk (D)
  3 jumping spiders (D)
  A neqoxec (D)
  A redback (D)
  A water moccasin (D)
  A centaur (D)
  2 phantoms (D)
  5 scorpions (D)
  An adder (D)
  A ribbon worm (shapeshifter) (D)
  2 ball pythons (D)
  A bat skeleton (D)
  2 giant cockroach zombies (D)
  A quokka zombie (D)
55 creatures vanquished.

Notes
Turn   | Place    | Note
-------+----------+-------------------------------------------
     0 | D        | fingers the Vine Stalker Gladiator began the quest for the
                  | Orb.
     0 | D        | Reached XP level 1. HP: 11/11 MP: 2/2
     0 | D        | Found a shimmering blue altar of Sif Muna.
     0 | D        | Found a bloodstained altar of Trog.
     0 | D        | Found a sacrificial altar of Ru.
     0 | D        | Found a stormy altar of Qazlal.
     0 | D        | Found an iron altar of Okawaru.
     1 | D        | Found a sparkling altar of Nemelex Xobeh.
     1 | D        | Found a blossoming altar of Fedhas.
     1 | D        | Found the +6 Majin-Bo {spellvamp, MP+6 Int+6}
     1 | D        | Found the +27 heavy crossbow "Sniper" {heavy, Acc+∞ SInv}
     1 | D        | Found the +10 dark maul {heavy}
     1 | D        | Found the +15 Maxwell's patent armour {-Cast -Tele rElec
                  | Will+ rCorr}
     1 | D        | Found the +18 shield of the Gong {Loud rN+ Will+ rCorr
                  | EV-5}
     1 | D        | Found the +16 obsidian axe {drain, demonic, Mesm ^Drain Fly
                  | SInv}
     1 | D        | Found the +7 great mace "Firestarter" {flame, immolate,
                  | rFlCloud rF++}
     1 | D        | Found the +6 shillelagh "Devastator" {shatter}
     1 | D        | Found the +11 plutonium sword {^Contam Stlth-}
     1 | D        | Found the +8 lance "Wyrmbane" {slay drac, rPois rF+ rC+
                  | AC+3}
     1 | D        | Found the +9 sword of Zonguldrok {reap}
     1 | D        | Found the +13 scythe of Curses {drain, curses, ^Drain}
     1 | D        | Found the +9 sword of Power {lifebolt}
     1 | D        | Found the +7 mace of Variability {chaos, chaos arc}
     1 | D        | Found the +11 Singing Sword {sonic wave}
     1 | D        | Found the +8 storm bow {elec, penet}
     3 | D        | Found a transporter.
     3 | D        | Found an ancient bone altar of Kikubaaqudgha.
     3 | D        | Found a viscous altar of Jiyva.
     3 | D        | Found a corrupted altar of Lugonu.
     3 | D        | Found a hazy altar of Hepliaklqana.
     3 | D        | Found a burning altar of Makhleb.
     3 | D        | Found an opulent altar of Gozag.
    71 | D        | Became a worshipper of Uskayaw the Reveller
    85 | D        | Reached skill level 5 in Long Blades
    85 | D        | Reached XP level 2. HP: 16/16 MP: 3/3
    92 | D        | Entered arena 2.
    92 | D        | Noticed a draconian
    92 | D        | Noticed a draconian
    92 | D        | Found a transporter.
    95 | D        | Reached * piety under Uskayaw
    96 | D        | Reached ** piety under Uskayaw
    98 | D        | Killed a draconian
    99 | D        | Reached skill level 5 in Fighting
    99 | D        | Reached skill level 5 in Shields
    99 | D        | Reached XP level 3. HP: 15/23 MP: 4/4
    99 | D        | Reached XP level 4. HP: 18/27 MP: 5/5
    99 | D        | Reached XP level 5. HP: 20/30 MP: 6/6
    99 | D        | Reached XP level 6. HP: 23/35 MP: 7/7
   100 | D        | Reached *** piety under Uskayaw
   101 | D        | Killed a draconian
   102 | D        | Reached skill level 10 in Long Blades
   102 | D        | Reached XP level 7. HP: 30/39 MP: 8/8
   125 | D        | Entered arena 3.
   125 | D        | Noticed a tarantella
   125 | D        | Found a transporter.
   128 | D        | Gained mutation: You have razor-sharp teeth. [Vine Stalker
                  | growth]
   128 | D        | Reached XP level 8. HP: 44/44 MP: 9/9
   130 | D        | Killed a tarantella
   131 | D        | Reached skill level 1 in Stealth
   140 | D        | Entered arena 4.
   140 | D        | Found a transporter.
   155 | D        | Got the Exposition on the Calorific Whammy
   158 | D        | Entered arena 5.
   158 | D        | Found the +8 Vampire's Tooth {megavamp}
   158 | D        | Noticed a draconian
   158 | D        | Noticed a draconian
   158 | D        | Noticed a draconian
   158 | D        | Noticed a draconian
   158 | D        | Found a transporter.
   163 | D        | Killed a draconian
   163 | D        | Reached **** piety under Uskayaw
   164 | D        | Killed a draconian
   164 | D        | Killed a draconian
   165 | D        | Reached XP level 9. HP: 46/50 MP: 8/10
   166 | D        | Reached ***** piety under Uskayaw
   167 | D        | Killed a draconian
   173 | D        | Got the Incunable of Chilled Unspeakable Magic
   178 | D        | Entered arena 6.
   178 | D        | Noticed a great orb of eyes
   178 | D        | Noticed a great orb of eyes
   178 | D        | Noticed an ironbound convoker
   178 | D        | Noticed a yaktaur
   178 | D        | Noticed an ironbound convoker
   178 | D        | Found a transporter.
   181 | D        | Killed an ironbound convoker
   181 | D        | Killed a yaktaur
   182 | D        | Reached XP level 10. HP: 56/56 MP: 11/11
   183 | D        | Killed an ironbound convoker
   184 | D        | Reached skill level 5 in Stealth
   184 | D        | Reached skill level 10 in Shields
   184 | D        | Killed a great orb of eyes
   184 | D        | Killed a great orb of eyes
   185 | D        | Reached skill level 10 in Armour
   198 | D        | Got the amulet "Fuenk" {rC+ Will+ Regen+ Dex+2}
   201 | D        | Entered arena 7.
   202 | D        | Found a transporter.
   216 | D        | Got the ring of Vitraomp {rPois rCorr Str+3 Int-5}
   219 | D        | Got the Atlas of Decaying Electricity
   222 | D        | Entered arena 8.
   222 | D        | Noticed a shining eye
   222 | D        | Noticed a red ugly thing
   222 | D        | Noticed a white ugly thing
   222 | D        | Noticed a shining eye
   223 | D        | Found a transporter.
   223 | D        | Gained mutation: You have hidden genetic defects. [a
                  | neqoxec]
   230 | D        | Gained mutation: You occasionally shout uncontrollably at
                  | your foes. [a shining eye]
   232 | D        | Killed a purple ugly thing
   234 | D        | Killed a shining eye
   234 | D        | Killed a green ugly thing
   235 | D        | Reached XP level 11. HP: 62/62 MP: 12/12
   235 | D        | Killed a shining eye
   245 | D        | Gained mutation: You are vulnerable to cold. (rC-) [hidden
                  | defects]
   246 | D        | Got the ring "Jeommali" {rElec Slay+4}
   250 | D        | Entered arena 9.
   251 | D        | Found a transporter.
   302 | D        | Entered arena 10.
   302 | D        | Noticed a vault guard
   302 | D        | Noticed a yaktaur captain
   302 | D        | Noticed a vault guard
   302 | D        | Noticed a great orb of eyes
   302 | D        | Noticed a vault guard
   302 | D        | Noticed a dire elephant
   303 | D        | Found a transporter.
   308 | D        | Reached skill level 15 in Long Blades
   308 | D        | Killed a great orb of eyes
   313 | D        | Killed a vault guard
   316 | D        | Killed a vault guard
   318 | D        | Killed a dire elephant
   319 | D        | Gained mutation: You are dopey. (Int -2) [hidden defects]
   319 | D        | Lost mutation: You have hidden genetic defects. [hidden
                  | defects expressed]
   320 | D        | Killed a yaktaur captain
   320 | D        | Reached ****** piety under Uskayaw
   324 | D        | Killed a vault guard
   325 | D        | Reached skill level 15 in Shields
   331 | D        | Got Biugugax's Volume of Helpful Bodies
   360 | D        | Entered arena 11.
   360 | D        | Noticed a wolf spider
   361 | D        | Found a transporter.
   364 | D        | Killed a wolf spider
   365 | D        | Reached skill level 10 in Fighting
   365 | D        | Reached XP level 12. HP: 67/67 MP: 13/13
   374 | D        | Got Transmundane Knowledge, Volume Three
   378 | D        | Got Qonilif's Disquisition on Brilliant Direction
   401 | D        | Entered arena 12.
   401 | D        | Noticed a green draconian
   401 | D        | Noticed a yellow draconian annihilator
   401 | D        | Noticed a green draconian monk
   401 | D        | Noticed a black draconian
   401 | D        | Noticed a yellow draconian
   401 | D        | Noticed a yellow draconian annihilator
   401 | D        | Noticed a purple draconian
   401 | D        | Noticed a white draconian
   402 | D        | Noticed a yellow draconian
   402 | D        | Noticed a purple draconian
   409 | D        | Killed a yellow draconian annihilator
   409 | D        | Slain by a purple draconian

Illustrated notes

Levels and vault maps discovered:
D:        sprint_v [room_start, room_1, room_2, room_3, room_4, room_5, room_6,
          room_7, room_8, room_9, room_10, room_11, room_12, room_13, room_14,
          room_15, room_16, room_17, room_18, room_19, room_20, room_21,
          room_22, room_23, room_24, room_25, room_26, room_27]

Skill      XL: |  1  2  3  4  5  6  7  8  9 10 11 |
---------------+----------------------------------+-----
Fighting       | 3 5 6 7 8 9 10 | 10.1
Long Blades    | 5 8 10 12 13 14 15 | 15.7
Armour         | 3 6 7 9 10 11 | 11.9
Shields        | 5 6 8 9 11 15 | 15.8
Stealth        | 3 4 6 7 |  7.2
Throwing       | |  1.7
Dodging        | |  2.4

Action                     |  1- 3 |  4- 6 |  7- 9 | 10-12 || total
---------------------------+-------+-------+-------+-------++-------
  Melee: Double sword      |     5 |     2 |    20 |    57 ||    84
         Bite              |     2 |       |     5 |    21 ||    28
  Throw: Throwing net      |       |       |       |     1 ||     1
    Use: Potion            |     1 |     1 |       |     3 ||     5
         Scroll            |       |       |       |     1 ||     1
   Stab: Paralysed         |       |     1 |     3 |     2 ||     6
 Armour: Plate armour      |     5 |       |     5 |    60 ||    70
  Dodge: Dodged            |     1 |       |       |     3 ||     4
  Block: Kite shield       |     9 |     2 |    33 |   115 ||   159
         Reflection        |       |       |     2 |     4 ||     6

Table legend: (Time is in decaauts)
 A = Elapsed time spent in this place.
 B = Non-inter-level travel time spent in this place.
 C = Inter-level travel time spent in this place.
 D = Time resting spent in this place.
 E = Time spent auto-exploring this place.
 F = Levels seen in this place.
 G = Mean time per level.
                   A        B        C        D        E       F      G
               +--------+--------+--------+--------+--------+-----+--------+
         Total |    403 |    399 |      4 |      0 |     22 |   1 |  403.0 |
       Dungeon |    403 |    399 |      4 |      0 |     22 |   1 |  403.0 |
               +--------+--------+--------+--------+--------+-----+--------+

Top non-repeatable levels by time:
       D: 403 daAuts
